 Dungeon Crawl Stone Soup version 0.23.2-1-ga50397a6bc (webtiles) character file.

Game seed: 7345559037451850747

5130 Mrkan the Grappler (level 10, -10/102 HPs)
             Began as a Troll Monk on May 21, 2019.
             Was an Elder of Wu Jian.
             Mangled by a yak (13 damage)
             ... on level 8 of the Dungeon.
             The game lasted 00:12:03 (5258 turns).

Mrkan the Grappler (Troll Monk)                     Turns: 5258, Time: 00:12:04

Health: -10/102    AC:  7    Str: 21    XL:     10   Next: 33%
Magic:  9/9        EV: 14    Int:  6    God:    Wu Jian [****..]
Gold:   446        SH:  0    Dex: 15    Spells: 9/9 levels left

rFire    . . .     SeeInvis .     - Unarmed
rCold    . . .     Gourm    +   (no shield)
rNeg     . . .     Faith    .   a - +1 robe
rPois    .         Spirit   .   (helmet restricted)
rElec    .         Reflect  .   (no cloak)
rCorr    .         Harm     .   (gloves unavailable)
MR       .....                  (boots unavailable)
Stlth    +.........             (no amulet)
HPRegen  0.67/turn              (no ring)
MPRegen  0.11/turn              (no ring)

@: glowing, heavenly storm
A: large, unfitting armour, claws 3, fast metabolism 3, gourmand, regeneration
1, shaggy fur 1, tough skin 3
a: Wall Jump, Serpent's Lash, Renounce Religion


You were on level 8 of the Dungeon.
You worshipped Wu Jian.
Wu Jian was greatly pleased with you.
You were completely stuffed.

You visited 1 branch of the dungeon, and saw 8 of its levels.

You collected 446 gold pieces.

Inventory:

Hand Weapons
 o - a +0 whip of electrocution
Armour
 a - a +1 robe (worn)
 j - a scarf of repulsion
Jewellery
 g - an uncursed amulet of magic regeneration
 u - an uncursed ring of magical power {unknown}
Wands
 n - a wand of random effects (21)
 v - a wand of polymorph (11)
 x - a wand of disintegration (3)
Scrolls
 d - 2 scrolls of brand weapon {unknown}
 h - 5 scrolls of identify
 k - 6 scrolls of teleportation
 r - a scroll of enchant weapon
 s - a scroll of magic mapping
 t - 2 scrolls of remove curse {unknown}
 w - a scroll of fog {unknown}
Potions
 c - a potion of curing
 e - a potion of invisibility
 f - a potion of berserk rage {unknown}
 i - a potion of haste {unknown}
 l - 2 potions of brilliance {unknown}
 m - 2 potions of heal wounds {unknown}
 p - a potion of lignification {unknown}
 q - a potion of flight {unknown}
Comestibles
 b - 11 rations
 z - 8 chunks of flesh


   Skills:
 + Level 7.3 Fighting
 + Level 7.3 Dodging
 - Level 1.0 Stealth
 - Level 10.5 Unarmed Combat


You had 9 spell levels left.
You didn't know any spells.
Your spell library was empty.

Dungeon Overview and Level Annotations

Branches:
Dungeon (8/15)             Temple (0/1) D:4            Lair (0/6) D:8

Altars:
Dithmenos
Wu Jian

Shops:
D:4 (   D:5 }


Innate Abilities, Weirdness & Mutations

You are too large for most types of armour.
You have claws for hands.
Your metabolism is lightning-fast.
You like to eat raw meat.
Your natural rate of healing is unusually fast.
You are covered in fur. (AC +1)
You have extremely tough skin. (AC +3)


Message History

The Council accepts your kill. The yak gores you!
* * * LOW HITPOINT WARNING * * *
An iguana comes into view.
The iguana moves out of view.
You mangle the yak!!
You kill the yak!
The Council accepts your kill.
A big kobold comes into view.
You feel better.
The sentinel's mark upon you fades away.
The yak gores you!
* * * LOW HITPOINT WARNING * * *
You scratch the yak but do no damage. You claw the yak!
The yak is moderately wounded.
The iguana closely misses you. The yak misses you.
You claw the yak! x2
The yak is almost dead.
The iguana barely misses you. The yak gores you!
You die...

##### ####.#.....
#...########....##.
#...##........#...#
#.(....###..#.###..
#...l...........###
########..####........#
# D'.P≈PP#☼§#
#........# # #≈≈≈≈P#l§#
#...........
##P≈P.≈#@##
#........### .#....°#Y#
#........# .'.%..○§K#
#.......<. .'.P%.§###
.'....≈ Y#$.%.. ######


You could see a yak, a big kobold and an iguana.

Vanquished Creatures
  A hydra (D:8)
  Pikel (D:6)
  Joseph (D:8)
  2 dream sheep (D:8)
  A hippogriff (D:7)
  A yak (D:8)
  Eustachio (D:5)
  3 wargs (D:8)
  3 black bears
  An orc warrior (D:8)
  2 ice beasts
  A sky beast (D:8)
  A necrophage (D:7)
  2 centaurs
  4 big kobolds
  2 bullfrogs
  4 scorpions
  2 howler monkeys (D:7)
  3 crimson imps
  3 bullfrog zombies
  5 orc priests
  A hound (D:6)
  2 orc wizards
  A gnoll shaman (D:6)
  Natasha (thrice) (D:4)
  3 iguanas
  A hound skeleton (D:7)
  6 gnolls
  6 adders
  3 shadow imps
  2 adder skeletons (D:5)
  8 worms
  3 dart slugs
  2 leopard geckos
  26 orcs
  8 giant cockroaches
  6 goblins (D:2)
  6 hobgoblins
  3 jackals (D:7)
  16 kobolds
  3 ball pythons
  A ball python skeleton (D:5)
  17 bats
  8 frilled lizards
  A jackal skeleton (D:6)
  7 rats
187 creatures vanquished.

Notes
Turn   | Place    | Note
-------+----------+-------------------------------------------
     0 | D:1      | Mrkan the Troll Monk began the quest for the Orb.
     0 | D:1      | Reached XP level 1. HP: 22/22 MP: 0/0
    99 | D:1      | Reached XP level 2. HP: 27/29 MP: 1/1
   361 | D:1      | Reached skill level 4 in Unarmed Combat
   595 | D:1      | Reached XP level 3. HP: 36/36 MP: 2/2
  1050 | D:2      | Found an ornate altar of the Wu Jian Council.
  1173 | D:2      | Became a worshipper of the Wu Jian Council
  1173 | D:2      | Reached * piety under Wu Jian
  1173 | D:2      | Reached ** piety under Wu Jian
  1260 | D:2      | Reached XP level 4. HP: 41/44 MP: 3/3
  1269 | D:2      | Noticed an ice beast
  1277 | D:2      | Reached skill level 5 in Unarmed Combat
  1292 | D:2      | Killed an ice beast
  1292 | D:2      | Reached skill level 6 in Unarmed Combat
  1292 | D:2      | Reached XP level 5. HP: 32/50 MP: 4/4
  1953 | D:4      | Found a staircase to the Ecumenical Temple.
  1979 | D:4      | Found a shadowy altar of Dithmenos.
  2127 | D:4      | Noticed a black bear
  2135 | D:4      | Killed a black bear
  2135 | D:4      | Reached skill level 7 in Unarmed Combat
  2135 | D:4      | Reached XP level 6. HP: 35/59 MP: 5/5
  2220 | D:4      | Found Ynyosaiw's Antique Weapon Shoppe.
  2237 | D:4      | Noticed Natasha
  2247 | D:4      | Killed Natasha
  2253 | D:4      | Reached *** piety under Wu Jian
  2337 | D:4      | Noticed Natasha
  2349 | D:4      | Killed Natasha
  2349 | D:4      | Reached skill level 8 in Unarmed Combat
  2349 | D:4      | Reached XP level 7. HP: 52/66 MP: 6/6
  2409 | D:4      | Noticed Natasha
  2413 | D:4      | Killed Natasha
  2512 | D:5      | Entered Level 5 of the Dungeon
  2521 | D:5      | Noticed Eustachio
  2528 | D:5      | Killed Eustachio
  2556 | D:5      | Reached skill level 9 in Unarmed Combat
  2781 | D:5      | Found Pagh's Gadget Emporium.
  3279 | D:6      | Found an ornate altar of the Wu Jian Council.
  3293 | D:6      | Noticed Pikel
  3305 | D:6      | Killed Pikel
  3305 | D:6      | Reached skill level 10 in Unarmed Combat
  3305 | D:6      | Reached XP level 8. HP: 27/74 MP: 7/7
  4051 | D:7      | Noticed a hippogriff
  4061 | D:7      | Killed a hippogriff
  4177 | D:7      | Reached XP level 9. HP: 84/84 MP: 8/8
  4225 | D:7      | Reached **** piety under Wu Jian
  4615 | D:7      | Reached skill level 5 in Fighting
  4615 | D:7      | Reached skill level 5 in Dodging
  4838 | D:8      | Noticed Joseph
  4843 | D:8      | Killed Joseph
  5019 | D:8      | Found a staircase to the Lair.
  5043 | D:8      | Reached ***** piety under Wu Jian
  5227 | D:8      | Noticed a three-headed hydra
  5240 | D:8      | Killed an eight-headed hydra
  5240 | D:8      | Reached XP level 10. HP: 53/101 MP: 9/9
  5253 | D:8      | HP: 3/101 [yak (15)]
  5258 | D:8      | Mangled by a yak

Skill      XL: |  1  2  3  4  5  6  7  8  9 |
---------------+----------------------------+-----
Unarmed Combat | 4 6 7 8 10 | 10.5
Fighting       | 4 7 |  7.3
Dodging        | 4 7 |  7.3
Stealth        | |  1.0

Action                   |  1- 3 |  4- 6 |  7- 9 | 10-12 || total
-------------------------+-------+-------+-------+-------++-------
Melee: Unarmed           |   125 |   110 |   259 |    15 ||   509
       Punch             |       |     6 |    10 |     2 ||    18
Invok: Lunge             |     1 |    16 |    34 |     1 ||    52
       Whirlwind         |       |    12 |    25 |     2 ||    39
       Serpent's Lash    |       |       |     1 |       ||     1
       Heavenly Storm    |       |       |     1 |       ||     1
 Abil: Wall Jump         |       |     1 |       |       ||     1
  Use: Scroll            |       |       |     8 |       ||     8
       Potion            |       |       |     2 |     1 ||     3
 Stab: Sleeping          |     7 |     2 |     3 |       ||    12
       Invisible         |       |       |     1 |       ||     1
  Eat: Chunk             |    16 |    11 |    27 |       ||    54
Armor: Robe              |    70 |    29 |    43 |     2 ||   144
Dodge: Dodged            |    74 |    40 |   125 |    12 ||   251
